 Dungeon Crawl Stone Soup version 0.29.0-4-gdea44cf6ec (webtiles) character file.

Game seed: 14624120824629010663

25 qw the Chopper (level 3, 0/21 HPs)
             Began as a Tengu Warper on Aug 28, 2022.
             Succumbed to an adder's poison
             ... on level 2 of the Dungeon.
             The game lasted 00:00:05 (1424 turns).

qw the Chopper (Tengu Warper)                       Turns: 1424, Time: 00:00:05

Health: 0/21       AC:  3    Str: 13    XL:     3   Next: 4%
Magic:  7/7        EV: 12    Int: 13    God:
Gold:   99         SH:  0    Dex: 13    Spells: 6/6 levels left

rFire   . . .      SeeInvis .   Y - +0 hand axe
rCold   . . .      Faith    .   (no shield)
rNeg    . . .      Spirit   .   b - +0 leather armour
rPois   .          Reflect  .   (helmet restricted)
rElec   .          Harm     .   (no cloak)
rCorr   .          Rampage  .   (no gloves)
Will    .....                   (boots unavailable)
Stlth   +.........              (no amulet)
HPRegen 0.07/turn               (no ring)
MPRegen 0.10/turn               (no ring)

@: lethally poisoned (0 -> -2), about to teleport, weak-willed
A: beak, talons 3
a: no special abilities


You were on level 2 of the Dungeon.
You visited 1 branch of the dungeon, and saw 2 of its levels.

You collected 99 gold pieces.


Innate Abilities, Weirdness & Mutations

You have a beak for a mouth.
You have claws for feet.


   Skills:
 - Level 2.0 Fighting
 + Level 3.8 Axes
 - Level 1.0 Throwing
 - Level 1.1 Armour
 - Level 2.1 Dodging
 - Level 2.0 Spellcasting
 - Level 2.4 Translocations


You had 6 spell levels left.
You didn't know any spells.
Your spell library contained the following spells:

 Spells                   Type           Power      Damage    Failure   Level
 Blink                    Tloc           14%        N/A       19%         2
 Gell's Gravitas          Tloc           7%         N/A       36%         3
 Lesser Beckoning         Tloc           7%         N/A       36%         3
 Teleport Other           Tloc           7%         N/A       36%         3
 Manifold Assault         Tloc           7%         N/A       98%         5

Inventory:

Hand Weapons
 e - a +0 mace
 Y - a +0 hand axe (weapon)
Armour
 b - a +0 leather armour (worn)
Scrolls
 a - a scroll of identify
Potions
 j - a potion of haste {unknown}
 k - a potion of curing {unknown}

Dungeon Overview and Level Annotations

Branches:
Dungeon (2/15)

Altars:


Message History

The adder is moderately wounded.
You feel sick. The adder closely misses you.
You barely miss the adder.
The adder is moderately wounded.
You feel sick. The adder misses you. The adder barely misses you.
You hit the adder.
The adder is heavily wounded.
You feel sick.
You are no longer poisoned.
The adder misses you.
You closely miss the adder. Your peck misses the adder.
The adder is heavily wounded.
The adder bites you. The adder bites you but does no damage.
You closely miss the adder. Your kick misses the adder.
The adder is heavily wounded.
The adder bites you.
You miss the adder. Your kick misses the adder.
The adder is heavily wounded.
The adder barely misses you. The adder bites you.
You are poisoned.
The adder poisons you!
You completely miss the adder. Your kick misses the adder.
Your peck misses the adder.
The adder is heavily wounded.
You feel sick. The adder barely misses you.
You hit the adder but do no damage. Your kick misses the adder.
Your peck misses the adder.
The adder is heavily wounded.
You feel sick. The adder closely misses you.
You miss the adder. You claw the adder, but do no damage.
Your peck misses the adder.
The adder is heavily wounded.
You feel sick. The adder bites you. The adder closely misses you.
1423 ||| READING scroll of teleportation.
As you read the scroll of teleportation, it crumbles to dust.
You feel strangely unstable.
You feel sick. The adder closely misses you.
You barely miss the adder.
The adder is heavily wounded.
You die...

.... #..# #..# #..#
###..# #....#
#.##.######
#.....>...#
#..#...@..#
.#######..#####S......
.........^# #......
..######..# _.####
#..######..# .#
#......<...# .#
##.######........ .
######### ##


You could see an adder.

Vanquished Creatures
  2 dart slugs (D:1)
  A giant cockroach (D:1)
  2 hobgoblins (D:1)
  4 jackals (D:1)
  2 kobolds (D:1)
  A quokka (D:1)
  2 ball pythons (D:1)
  A bat (D:1)
  2 frilled lizards (D:1)
  3 rats (D:1)
20 creatures vanquished.

Notes
Turn   | Place    | Note
-------+----------+-------------------------------------------
     0 | D:1      | qw the Tengu Warper began the quest for the Orb.
     0 | D:1      | Reached XP level 1. HP: 12/12 MP: 4/4
     0 | D:1      | 0 ||| qw: Version: 0.1-a-89-g26bdef1
     0 | D:1      | 0 ||| qw: Game counter: 937
     0 | D:1      | 0 ||| qw: Always use a shield: true
     0 | D:1      | 0 ||| qw: God list: Okawaru
     0 | D:1      | 0 ||| qw: Allow faded altars: false
     0 | D:1      | 0 ||| qw: Do Orc after D:15 true
     0 | D:1      | 0 ||| qw: Do second Lair branch before Depths: true
     0 | D:1      | 0 ||| qw: Lair rune preference: random
     0 | D:1      | 0 ||| qw: Plans: Normal
     0 | D:1      | 0 ||| PLANNING D:1-11
   234 | D:1      | 234 ||| Stepping ~*~*~tactically~*~*~ (stealth).
   235 | D:1      | 235 ||| Stepping ~*~*~tactically~*~*~ (stealth).
   237 | D:1      | 237 ||| Stepping ~*~*~tactically~*~*~ (stealth).
   309 | D:1      | Reached XP level 2. HP: 17/17 MP: 6/6
   353 | D:1      | Reached skill level 3 in Axes
   353 | D:1      | 353 ||| Stepping ~*~*~tactically~*~*~ (hiding).
   983 | D:1      | Reached XP level 3. HP: 14/21 MP: 7/7
  1377 | D:1      | 1377 ||| DROPPING ring of wizardry.
  1378 | D:1      | 1378 ||| READING 3 scrolls labelled CUPTEINAFI.
  1379 | D:1      | 1379 ||| READING 2 scrolls labelled EWORCH WADEF.
  1382 | D:1      | 1382 ||| READING scroll labelled APRIGA ROISEMA.
  1383 | D:1      | 1383 ||| READING 2 scrolls of identify.
  1383 | D:1      | 1383 ||| IDENTIFYING fuming inky potion
  1384 | D:1      | 1384 ||| DROPPING scroll of blinking.
  1385 | D:1      | 1385 ||| DROPPING potion of invisibility.
  1408 | D:2      | Found a faded altar of an unknown god.
  1422 | D:2      | HP: 2/21 [adder (4)]
  1423 | D:2      | 1423 ||| READING scroll of teleportation.
  1424 | D:2      | Succumbed to an adder's poison

Levels and vault maps discovered:
D:1:      lightli_arrival_statue_moat, layout_basic
D:2:      minmay_recursive_quarters, layout_loops_ring, basic_ecumenical_altar,
          uniq_crazy_yiuf_cottage

Skill      XL: |  1  2 |
---------------+-------+-----
Axes           | 3 |  3.8
Fighting       | |  2.0
Throwing       | |  1.0
Armour         | |  1.1
Dodging        | |  2.1
Spellcasting   | |  2.0
Translocations | |  2.4

Action                   || total
-------------------------++-------
Melee: Hand axe          ||    50
       Kick              ||     9
       Peck              ||     3
Throw: Boomerang         ||     7
  Use: Scroll            ||     5
Armor: Leather armour    ||     8
Dodge: Dodged            ||    26

Table legend:
 A = Non-vault XP
 B = Vault XP
 C = Vault XP percentage of total XP
 D = Non-vault monster count
 E = Vault monster count
 F = Vault count percentage of total count
                 A         B        C        D         E       F
            +---------+---------+-------+---------+---------+-------
      Total |      36 |       0 |   0.0 |      20 |       0 |   0.0
            +---------+---------+-------+---------+---------+-------
        D:1 |      36 |       0 |   0.0 |      20 |       0 |   0.0
            +---------+---------+-------+---------+---------+-------
